 Dungeon Crawl Stone Soup version 0.22-a0-247-gbddf880 (webtiles) character file.

68600 George the Carver (level 14, -4/133 HPs)
             Began as a Minotaur Fighter on Feb 25, 2018.
             Was the Champion of Okawaru.
             Killed by divine providence
             ... invoked by an orc priest
              (12 damage)
             ... on level 2 of the Orcish Mines.
             The game lasted 00:47:32 (17245 turns).

George the Carver (Minotaur Fighter)               Turns: 17245, Time: 00:47:32

Health: -4/133     AC: 25    Str: 26    XL:     14   Next: 87%
Magic:  17/20      EV: 11    Int:  5    God:    Okawaru [******]
Gold:   1510       SH: 17    Dex: 15    Spells: 13/13 levels left

rFire    + . .     SeeInvis +   O - +2 scimitar (freeze)
rCold    . . .     Gourm    .   N - +1 shield of Fyptiug {rElec rPois rN+ Dex+2}
rNeg     + . .     Faith    .   D - +1 plate armour {rF+}
rPois    +         Spirit   .   H - +0 hat {SInv}
rElec    +         Reflect  .   u - scarf {cloud immunity}
rCorr    .         Harm     .   M - +2 pair of gloves {Str+3}
MR       ++...                  l - +0 pair of boots
Stlth    ..........             C - amulet of the acrobat
HPRegen  0.32/turn              t - ring of protection from magic
MPRegen  0.17/turn              A - +4 ring of slaying

@: heroism
A: retaliatory headbutt, horns 2
a: Heroism, Finesse, Renounce Religion


You were on level 2 of the Orcish Mines.
You worshipped Okawaru.
Okawaru was exalted by your worship.
You were not hungry.

You visited 4 branches of the dungeon, and saw 21 of its levels.
You also visited: Ossuary.

You collected 1774 gold pieces.
You spent 264 gold pieces at shops.

Inventory:

Hand Weapons
 O - a +2 scimitar of freezing (weapon)
 Q - a +0 short sword of draining
Missiles
 J - a throwing net (quivered)
Armour
 l - a +0 pair of boots (worn)
 u - a scarf of cloud immunity (worn)
 D - a +1 plate armour of fire resistance (worn)
 H - a +0 hat of see invisible (worn)
 M - a +2 pair of gloves of strength (worn)
 N - the +1 shield of Fyptiug (worn) {rElec rPois rN+ Dex+2}
   (You found it on level 9 of the Dungeon)

   It affects your dexterity (+2).
   It insulates you from electricity.
   It protects you from poison.
   It protects you from negative energy.
Jewellery
 b - an uncursed ring of protection from cold
 t - a ring of protection from magic (left hand)
 y - an uncursed ring of positive energy
 A - a +4 ring of slaying (right hand)
 C - an amulet of the acrobat (around neck)
 F - an uncursed ring of resist corrosion
Wands
 s - a wand of scattershot (5)
 w - a wand of clouds (6)
 x - a wand of disintegration (40)
 K - a wand of flame (29)
 T - a wand of paralysis (6)
 U - a wand of acid (8)
 Y - a wand of iceblast (12)
Scrolls
 c - 2 scrolls of enchant weapon
 e - a scroll of fear
 g - 6 scrolls of blinking
 h - 15 scrolls of teleportation
 j - 9 scrolls of remove curse
 n - 2 scrolls of immolation
 o - 4 scrolls of magic mapping {unknown}
 q - a scroll of vulnerability {unknown}
 v - a scroll of random uselessness {unknown}
 z - 3 scrolls of silence
 B - a scroll of noise {unknown}
 E - a scroll of holy word
 G - 4 scrolls of enchant armour
 I - 2 scrolls of brand weapon
 S - 3 scrolls of summoning {unknown}
 Z - a scroll of fog {unknown}
Potions
 a - a potion of cancellation
 d - 4 potions of might
 i - 12 potions of curing
 k - 4 potions of flight
 m - 3 potions of mutation
 p - 15 potions of heal wounds
 r - 2 potions of agility
 L - 3 potions of haste
 R - a potion of resistance
Miscellaneous
 W - a sack of spiders
 X - 2 boxes of beasts
Comestibles
 f - 47 rations
 P - 2 chunks of flesh


   Skills:
 + Level 14.7(19.7) Fighting
 + Level 14.8(19.8) Long Blades
 + Level 14.6(19.6) Armour
 + Level 14.6(19.6) Shields
 - Level 10.0 Invocations


You had 13 spell levels left.
You didn't know any spells.

Dungeon Overview and Level Annotations

Branches:
Dungeon (12/15)            Temple (1/1) D:7            Lair (6/6) D:10
 Shoals (0/4) Lair:2        Snake (0/4) Lair:2        Slime (0/5) Lair:5
    Orc (2/2) D:9             Elf (0/3) Orc:2

Altars:
Ashenzari
Cheibriados
Dithmenos
Elyvilon
Fedhas
Gozag
Hepliaklqana
Kikubaaqudgha
Makhleb
Nemelex Xobeh
Okawaru
Qazlal
Ru
Sif Muna
Trog
Uskayaw
Vehumet
Wu Jian
Xom
Yredelemnul
Zin
The Shining One
Beogh

Shops:
D:8 [   D:9 (   D:10 =   D:11 =   D:12 *   Orc:2 (%

Annotations:
Orc:2 Saint Roka


Innate Abilities, Weirdness & Mutations

You reflexively headbutt those who attack you in melee.
You have a pair of horns on your head.


Message History

* * * LOW HITPOINT WARNING * * *
Evoke which item? (* to show all) (? for menu, Esc to quit)
Aiming: Iceblast
Press: ? - help, Shift-Dir - straight line, f/p - orc priest
Aim: an orc priest, wielding a flail (unusually strong)
The mass of ice explodes!
The iceblast engulfs the orc sorcerer.
The orc sorcerer is severely wounded.
The iceblast engulfs Saint Roka.
Saint Roka is moderately wounded.
The iceblast engulfs the troll.
The troll is severely wounded.
You hear a shout! x4
The orc sorcerer no longer looks unusually strong.
The orc no longer looks unusually strong. x2
You closely miss the orc sorcerer.
The orc sorcerer is severely wounded.
Saint Roka no longer looks unusually strong.
The orc priest mumbles some strange prayers to Beogh against you.
Beogh smites you!
You die...

.##'###.###'#####.##....#.....#
..........#.(.....##...##.o...#
....##)##.#....#####...#.....#
....#...#.#....#..##..##o....#
...)#...#......'..#...#..)...#
###.#####.####(#..#......[..## ..
...)......#..#(####.....).)##...8
.####.....#..)(####o8...8...8....
.#.=#..⌠..#..#..@oTooo.......o.._
.)..#.....####.####.8oo.8...8....
.#..#........).####.ooo....##...8
.####.#####.####..#.........##...
......#.(.#....)..#.o.#......##..
#####.#...#....#..##oo##.....# ##
### #.##)##....#####o.o#.....#
#.###.............##.oo##.....
##..###.###'#####.#


You could see Saint Roka, an orc warlord, a troll, an orc sorcerer, an orc
priest and 5 orcs.

Vanquished Creatures
  An orc warlord (Orc:2)
  4 hydras
  A centaur warrior (D:9)
  A catoblepas (Lair:6)
  A deep troll shaman (Lair:6)
  An orc high priest (Orc:1)
  7 death yaks (Lair:6)
  7 two-headed ogres
  Sonja (D:12)
  A skeletal warrior (D:9)
  2 unseen horrors
  5 orc knights (Orc:2)
  4 ugly things
  3 oklob plants (Lair:2)
  A wolf spider zombie (D:12)
  4 orc sorcerers (Orc:2)
  17 elephants
  2 cyclopes
  3 black mambas
  9 spiny frogs
  4 centaur skeletons
  A gargoyle (D:10)
  The ghost of Syneil the Changer, a novice GnWn (D:5)
  2 rime drakes
  5 komodo dragons
  A kobold demonologist (D:9)
  5 trolls
  A hornet (D:5)
  15 blink frogs
  11 hippogriffs
  A wyvern (D:12)
  A wraith (D:11)
  51 yaks
  3 hungry ghosts
  A fire elemental (Lair:5)
  A vampire mosquito (D:10)
  2 wargs (Orc:2)
  A soldier ant (D:12)
  3 nagas (Lair:2)
  14 water moccasins
  8 porcupines
  27 orc warriors
  5 sky beasts
  4 ice beasts
  3 black bears
  2 necrophages
  3 phantoms
  14 ogres
  10 wolves
  9 centaurs
  10 crocodiles
  2 big kobolds (D:10)
  11 bullfrogs
  6 elf zombies (Ossuary)
  A wyvern zombie (D:10)
  5 scorpions
  4 troll zombies (D:9)
  6 killer bees (D:6)
  8 wights
  2 electric eels (D:10)
  5 crimson imps
  5 centaur zombies
  3 bullfrog zombies
  2 human zombies (Ossuary)
  9 jellies
  Crazy Yiuf (D:3)
  23 orc priests
  13 hounds
  24 orc wizards
  4 bullfrog skeletons
  Jessica (D:3)
  Terence (D:3)
  13 worker ants
  2 iguanas
  4 ogre zombies (D:9)
  2 hound skeletons
  3 mummies (Ossuary)
  2 worker ant zombies
  10 gnolls
  16 adders
  8 river rats (D:6)
  A shadow imp (D:6)
  2 oozes
  4 adder skeletons
  5 worms
  2 dart slugs
  5 leopard geckos
  92 orcs
  2 ball pythons
  4 bats
  5 giant cockroaches
  6 goblins
  A hobgoblin (D:3)
  6 jackals
  10 quokkas
  4 frilled lizards
  A goblin skeleton (D:9)
  2 goblin zombies (D:9)
  2 hobgoblin zombies (D:9)
  A jackal zombie (D:9)
  10 kobolds
  2 leopard gecko skeletons
  A leopard gecko zombie (D:6)
  2 orc skeletons (D:9)
  18 orc zombies (D:9)
  A quokka skeleton (D:4)
  16 rats
695 creatures vanquished.

Vanquished Creatures (others)
  2 orcs
  3 fungi
  5 plants
10 creatures vanquished.

Grand Total: 705 creatures vanquished

Notes
Turn   | Place    | Note
-------+----------+-------------------------------------------
     0 | D:1      | George the Minotaur Fighter began the quest for the Orb.
     0 | D:1      | Reached XP level 1. HP: 19/19 MP: 0/0
   183 | D:1      | Reached XP level 2. HP: 26/26 MP: 1/1
   878 | D:2      | Found a faded altar of an unknown god.
   960 | D:2      | Reached XP level 3. HP: 24/31 MP: 2/2
   995 | D:2      | Found an iron altar of Okawaru.
  1001 | D:2      | Became a worshipper of Warmaster Okawaru
  1382 | D:3      | Noticed Jessica
  1396 | D:2      | Reached XP level 4. HP: 15/40 MP: 3/3
  1624 | D:3      | Reached skill level 1 in Invocations
  1631 | D:3      | Killed Jessica
  1631 | D:3      | Reached XP level 5. HP: 46/46 MP: 4/4
  1642 | D:3      | Found a runed door.
  1672 | D:3      | Noticed Terence
  1681 | D:3      | Killed Terence
  1681 | D:3      | Reached skill level 5 in Long Blades
  1796 | D:3      | Reached * piety under Okawaru
  1963 | D:3      | Reached XP level 6. HP: 47/53 MP: 6/6
  2578 | D:3      | Noticed Crazy Yiuf
  2582 | D:3      | Killed Crazy Yiuf
  2604 | D:4      | Found a shattered altar of Ashenzari.
  2715 | D:4      | Reached skill level 5 in Fighting
  2715 | D:4      | Reached skill level 5 in Armour
  2715 | D:4      | Reached skill level 5 in Shields
  2755 | D:4      | Noticed a water moccasin
  2770 | D:4      | Killed a water moccasin
  2770 | D:4      | Reached ** piety under Okawaru
  2770 | D:4      | Reached XP level 7. HP: 35/61 MP: 6/8
  3233 | D:5      | Entered Level 5 of the Dungeon
  3309 | D:5      | Noticed Syneil's ghost (novice GnWn)
  3338 | D:5      | Killed Syneil's ghost
  3338 | D:5      | Reached XP level 8. HP: 33/70 MP: 6/9
  3590 | D:5      | Noticed a hornet
  3594 | D:5      | Paralysed by a hornet for 2 turns
  3597 | D:5      | Paralysed by a hornet for 1 turns
  3600 | D:5      | Killed a hornet
  3600 | D:5      | Reached *** piety under Okawaru
  4242 | D:6      | Reached XP level 9. HP: 50/79 MP: 11/11
  4322 | D:6      | Found a sand-covered staircase.
  4327 | D:6      | Found a sparkling altar of Nemelex Xobeh.
  4339 | Ossuary  | Entered an ossuary
  4509 | Ossuary  | Reached skill level 5 in Invocations
  4570 | Ossuary  | Reached **** piety under Okawaru
  5087 | D:6      | Found a hide-covered altar of Uskayaw.
  5087 | D:6      | Found a faded altar of an unknown god.
  5092 | D:6      | Found a bloodstained altar of Trog.
  5094 | D:6      | Found a faded altar of an unknown god.
  5095 | D:6      | Found a shimmering altar of Xom.
  5138 | D:7      | Found a staircase to the Ecumenical Temple.
  5151 | Temple   | Entered the Ecumenical Temple
  5402 | D:7      | Got an encrusted buckler
  5566 | D:7      | Reached ***** piety under Okawaru
  5650 | D:7      | Reached XP level 10. HP: 82/90 MP: 13/13
  5824 | D:8      | Noticed a two-headed ogre
  5829 | D:8      | Killed a two-headed ogre
  5985 | D:8      | Found Fuulou's Armour Emporium.
  5994 | D:8      | Bought a +2 pair of gloves of strength for 236 gold pieces
  6416 | D:9      | Received a gift from Okawaru
  6466 | D:9      | Found Vuhuniro's Antique Weapon Boutique.
  6503 | D:9      | Noticed a skeletal warrior
  6516 | D:9      | Killed a skeletal warrior
  6521 | D:9      | Got an encrusted shield
  6532 | D:9      | Identified the +1 shield of Fyptiug {rElec rPois rN+ Dex+2} (You found it on level 9 of the Dungeon)
  6543 | D:9      | Identified the +2 buckler of Hule Toy {rN+++} (You found it on level 7 of the Dungeon)
  6557 | D:9      | Noticed a centaur warrior
  6564 | D:9      | Killed a centaur warrior
  6718 | D:9      | Found a blossoming altar of Fedhas.
  6794 | D:9      | Found a staircase to the Orcish Mines.
  7188 | D:9      | Reached skill level 10 in Long Blades
  7271 | D:9      | Reached XP level 11. HP: 93/99 MP: 15/15
  7368 | D:10     | Entered Level 10 of the Dungeon
  7652 | D:10     | Reached skill level 10 in Fighting
  7660 | D:10     | Found a staircase to the Lair.
  7738 | D:10     | Reached skill level 10 in Armour
  7738 | D:10     | Reached skill level 10 in Shields
  7828 | D:10     | Noticed a two-headed ogre
  7836 | D:10     | Killed a two-headed ogre
  8077 | D:10     | Found Paonok's Jewellery Shop.
  8228 | D:10     | Received a gift from Okawaru
  8371 | D:10     | Noticed a cyan ugly thing
  8378 | D:10     | Killed a cyan ugly thing
  8391 | D:10     | Noticed an unseen horror
  8395 | D:10     | Killed an unseen horror
  8520 | D:11     | Noticed an unseen horror
  8523 | D:11     | Killed an unseen horror
  8546 | D:11     | Reached ****** piety under Okawaru
  8565 | D:11     | Noticed a seven-headed hydra
  8589 | D:11     | Killed a seven-headed hydra
  8722 | D:11     | Reached XP level 12. HP: 96/110 MP: 17/17
  8802 | D:11     | Received a gift from Okawaru
  8848 | D:11     | Found Cude's Jewellery Boutique.
  9081 | D:12     | Noticed a two-headed ogre
  9089 | D:12     | Killed a two-headed ogre
  9108 | D:12     | Noticed Sonja
  9111 | D:12     | Found Eqeejuph's Assorted Antiques.
  9120 | D:12     | Killed Sonja
  9170 | D:12     | Bought a scroll labeled CEYVOTE HYTIU for 28 gold pieces
  9722 | Lair:1   | Entered Level 1 of the Lair of Beasts
 10000 | Lair:1   | Got a smoking war axe
 10001 | Lair:1   | Identified the +4 war axe "Duoquohe" {chop, rF+++ Str+7} (You found it on level 1 of the Lair of Beasts)
 10452 | Lair:2   | Found a staircase to the Snake Pit.
 10559 | Lair:2   | Reached XP level 13. HP: 103/118 MP: 19/19
 10631 | Lair:2   | Reached skill level 10 in Invocations
 10762 | Lair:2   | Found a staircase to the Shoals.
 10932 | Lair:2   | Received a gift from Okawaru
 10933 | Lair:2   | Got a pair of scorched gloves {god gift}
 10944 | Lair:2   | Identified the -2 pair of gloves "Bimpay" {rPois Regen+} (Okawaru gifted it to you on level 2 of the Lair of Beasts)
 12911 | Lair:5   | Found a staircase to the Slime Pits.
 13586 | Lair:6   | Entered Level 6 of the Lair of Beasts
 14038 | Lair:6   | Received a gift from Okawaru
 14280 | Lair:6   | Reached XP level 14. HP: 126/129 MP: 20/20
 15217 | Orc:1    | Entered Level 1 of the Orcish Mines
 15345 | Orc:2    | Entered Level 2 of the Orcish Mines
 15439 | Orc:2    | Received a gift from Okawaru
 15451 | Orc:2    | Got a bloodstained ring mail {god gift}
 15467 | Orc:2    | Identified the +1 ring mail of Uceenot {rF- Str+4 Int+2 Dex+4} (Okawaru gifted it to you on level 2 of the Orcish Mines)
 16200 | Orc:2    | Found a roughly hewn altar of Beogh.
 16289 | Orc:2    | Noticed an orc warlord
 16300 | Orc:2    | Killed an orc warlord
 16530 | Orc:2    | Found Dowo's Antique Weapon Boutique.
 16548 | Orc:2    | Found Wauw's Food Shop.
 16852 | Orc:2    | Found a staircase to the Elven Halls.
 17215 | Orc:2    | Noticed an orc warlord
 17216 | Orc:2    | Noticed Saint Roka
 17224 | Orc:2    | Found a roughly hewn altar of Beogh.
 17245 | Orc:2    | Killed from afar by an orc priest

Vault maps used:
D:1:      nzn_arrival_crosshair, hangedman_decor_growths, roderic_malta_cross
D:2:      chequers_ecumenical_altar_simple, okawaru_ov_weapons_minmay
D:3:      uniq_terence, uniq_jessica, uniq_crazy_yiuf_cottage
D:4:      ashenzari_altar_1, first_ration, kennysheep_generic_room_2
D:5:      kennysheep_generic_room_12
D:6:      lemuel_ratsnest, chequers_temple_overflow_minitemple,
          nicolae_ossuary_entry_ruins, nemelex_xobeh_ov_fountains_minmay
D:7:      temple_green, grunt_ogre_cave
D:8:      serial_shops, nicolae_shop_crystal
D:9:      minmay_cornered_nines, zombieorc2_lemuel, serial_shops, shop,
          fedhas_altar_1
D:10:     erik_lair_island, serial_shops, nicolae_shop_behind_doors,
          evilmike_minifort
D:11:     serial_shops, shop
D:12:     serial_shops, shop, uniq_sonja
Temple:   dpeg_five_rooms_temple
Lair:1:   columned_hall_lemuel
Lair:2:   elwin_shoals_entry_rocks, minmay_snake_entry_guardpost_small,
          minmay_lair_oklob_chamber
Lair:4:   grunt_megastairs_4
Lair:5:   nicolae_slime_entry_slimehenge
Lair:6:   grunt_lair_end_beastmaster
Orc:2:    pubby_orc_utopia, uniq_saint_roka
Ossuary:  ossuary_minmay_four_chambers

Skill      XL: |  1  2  3  4  5  6  7  8  9 10 11 12 13 14 |
---------------+-------------------------------------------+-----
Long Blades    | 3 4 5 6 7 8 10 11 12 13 14 | 14.8
Armour         | 4 5 7 8 9 10 12 13 14 | 14.6
Fighting       | 4 5 6 7 8 9 11 12 13 14 | 14.7
Shields        | 4 5 7 8 9 10 12 13 14 | 14.6
Invocations    | 1 2 3 4 6 7 8 9 10 | 10.0

Action                   |  1- 3 |  4- 6 |  7- 9 | 10-12 | 13-15 || total
-------------------------+-------+-------+-------+-------+-------++-------
Melee: Long sword        |    67 |   113 |   165 |       |       ||   345
       Headbutt          |     7 |    24 |    72 |   157 |   231 ||   491
       Scimitar          |       |       |   209 |   606 |   728 ||  1543
       Short sword       |       |       |       |     7 |    18 ||    25
Invok: Heroism           |       |       |     2 |     2 |     2 ||     6
       Finesse           |       |       |       |       |     1 ||     1
Evoke: Wand              |       |       |       |       |     4 ||     4
  Use: Scroll            |       |       |    10 |    11 |     7 ||    28
       Potion            |       |       |       |     1 |       ||     1
 Stab: Petrified         |       |       |       |       |    12 ||    12
  Eat: Chunk             |     2 |     4 |    10 |    14 |    23 ||    53
       Ration            |       |       |       |     1 |       ||     1
Armor: Scale mail        |    33 |    25 |       |       |       ||    58
       Plate armour      |       |     9 |   175 |   153 |   140 ||   477
       Crystal plate arm |       |       |       |    92 |   197 ||   289
Dodge: Dodged            |    20 |    22 |    65 |   138 |   151 ||   396
Block: Shield            |    41 |    50 |   176 |   312 |   481 ||  1060
       Rpst.: Long sword |     7 |     6 |    12 |       |       ||    25
       Scimitar          |       |       |     4 |    30 |    40 ||    74

Table legend:
 A = Spawn XP
 B = Non-spawn XP
 C = Spawn XP percentage of total XP
 D = Spawn monster count
 E = Non-spawn monster count
 F = Spawn count percentage of total count
 G = Total turns spent on level
                    A         B        C        D         E        F      G
               +---------+---------+-------+---------+---------+-------+---------
         Total |       0 |   98001 |   0.0 |       0 |     695 |   0.0 | 17245
               +---------+---------+-------+---------+---------+-------+---------
           D:1 |       0 |      24 |   0.0 |       0 |      13 |   0.0 |   833
           D:2 |       0 |     107 |   0.0 |       0 |      11 |   0.0 |   753
           D:3 |       0 |     306 |   0.0 |       0 |      28 |   0.0 |  1017
           D:4 |       0 |     641 |   0.0 |       0 |      18 |   0.0 |   630
           D:5 |       0 |     845 |   0.0 |       0 |      15 |   0.0 |   933
           D:6 |       0 |    1832 |   0.0 |       0 |      63 |   0.0 |   658
           D:7 |       0 |    1057 |   0.0 |       0 |      23 |   0.0 |   419
           D:8 |       0 |    1638 |   0.0 |       0 |      13 |   0.0 |   513
           D:9 |       0 |    4040 |   0.0 |       0 |      61 |   0.0 |  1324
          D:10 |       0 |    6697 |   0.0 |       0 |      54 |   0.0 |   926
          D:11 |       0 |    6635 |   0.0 |       0 |      35 |   0.0 |   600
          D:12 |       0 |    6203 |   0.0 |       0 |      33 |   0.0 |   615
        Lair:1 |       0 |    5647 |   0.0 |       0 |      24 |   0.0 |   688
        Lair:2 |       0 |    7203 |   0.0 |       0 |      29 |   0.0 |   898
        Lair:3 |       0 |    2037 |   0.0 |       0 |       6 |   0.0 |   744
        Lair:4 |       0 |    5970 |   0.0 |       0 |      23 |   0.0 |   767
        Lair:5 |       0 |    3482 |   0.0 |       0 |      23 |   0.0 |  1196
        Lair:6 |       0 |   24342 |   0.0 |       0 |      65 |   0.0 |  1155
         Orc:1 |       0 |    2560 |   0.0 |       0 |      37 |   0.0 |   406
         Orc:2 |       0 |   15844 |   0.0 |       0 |     106 |   0.0 |  1622
       Ossuary |       0 |     891 |   0.0 |       0 |      15 |   0.0 |   310
               +---------+---------+-------+---------+---------+-------+---------
